 Dungeon Crawl Stone Soup version 0.29.0-4-gdea44cf6ec (webtiles) character file.

Game seed: 13106867882497968365

399 qw the Chopper (level 6, 0/37 HPs)
             Began as a Tengu Warper on Aug 28, 2022.
             Slain by a scorpion (3 damage)
             ... on level 5 of the Dungeon.
             The game lasted 00:00:29 (4675 turns).

qw the Chopper (Tengu Warper)                       Turns: 4675, Time: 00:00:29

Health: 0/37       AC:  9    Str: 13    XL:     6   Next: 84%
Magic:  9/9        EV:  7    Int: 13    God:
Gold:   177        SH:  0    Dex: 14    Spells: 9/9 levels left

rFire   . . .      SeeInvis .   Y - +0 war axe
rCold   . . .      Faith    .   (no shield)
rNeg    + . .      Spirit   .   q - +0 chain mail
rPois   .          Reflect  .   (helmet restricted)
rElec   .          Harm     .   l - +0 cloak
rCorr   .          Rampage  .   (no gloves)
Will    .....                   (boots unavailable)
Stlth   ..........              f - amulet of the acrobat
HPRegen 0.12/turn               p - ring of positive energy
MPRegen 0.11/turn               (no ring)

@: lethally poisoned (0 -> -5), about to teleport, flying quickly and evasively,
quick
A: beak, talons 3, nimble flight, low MP 1
a: no special abilities


You were on level 5 of the Dungeon.
You visited 1 branch of the dungeon, and saw 5 of its levels.

You collected 177 gold pieces.


Innate Abilities, Weirdness & Mutations

You have a beak for a mouth.
You have claws for feet.
Your magical nature lets you fly swiftly and evasively.
Your magical capacity is low. (-10% MP)


   Skills:
 - Level 3.0 Fighting
 + Level 7.1 Axes
 - Level 1.0 Throwing
 - Level 2.0 Armour
 - Level 2.1 Dodging
 - Level 2.0 Spellcasting
 - Level 2.4 Translocations


You had 9 spell levels left.
You didn't know any spells.
Your spell library contained the following spells:

 Spells                   Type           Power      Damage    Failure   Level
 Blink                    Tloc           14%        N/A       99%         2
 Gell's Gravitas          Tloc           7%         N/A       100%        3
 Lesser Beckoning         Tloc           7%         N/A       100%        3
 Teleport Other           Tloc           7%         N/A       100%        3
 Manifold Assault         Tloc           7%         N/A       100%        5

Inventory:

Hand Weapons
 d - a +0 flail
 Y - a +0 war axe (weapon)
Missiles
 o - 4 boomerangs (quivered)
Armour
 b - an orb of light
 l - a +0 cloak (worn)
 q - a +0 chain mail (worn)
Jewellery
 f - an amulet of the acrobat (around neck)
 g - an amulet of guardian spirit
 p - a ring of positive energy (left hand)
Scrolls
 e - a scroll of vulnerability {unknown}
 i - 4 scrolls of identify
Potions
 c - a potion of resistance
 h - a potion of attraction {unknown}
 j - 3 potions of mutation
 k - a potion of haste {unknown}
 m - a potion of curing {unknown}
 s - a potion of berserk rage {unknown}

Dungeon Overview and Level Annotations

Branches:
Dungeon (5/15)
 Temple: D:4-7

Altars:
Gozag
Trog
Wu Jian
Zin

Annotations:
D:2 Natasha


Message History

The scorpion is moderately wounded.
The scorpion closely misses you.
The scorpion stings you but does no damage.
You closely miss the scorpion.
The scorpion is moderately wounded.
The scorpion stings you.
You are poisoned.
The scorpion poisons you!
You hit the scorpion but do no damage. Your peck misses the scorpion.
The scorpion is moderately wounded.
You feel sick. The scorpion stings you.
You barely miss the scorpion. You claw the scorpion.
The scorpion is moderately wounded.
You feel sick. The scorpion barely misses you. x2
You hit the scorpion but do no damage. Your peck misses the scorpion.
The scorpion is moderately wounded.
You feel sick. The scorpion stings you.
You barely miss the scorpion.
The scorpion is moderately wounded.
You feel sick. The scorpion stings you.
You are more poisoned.
The scorpion poisons you!
You hit the scorpion but do no damage. You claw the scorpion.
You peck the scorpion.
The scorpion is severely wounded.
You feel very sick. The scorpion stings you. The scorpion closely misses you.
4673 ||| READING scroll of teleportation.
As you read the scroll of teleportation, it crumbles to dust.
You feel strangely unstable.
You feel sick. The scorpion barely misses you.
You barely miss the scorpion. Your peck misses the scorpion.
The scorpion is severely wounded.
You feel sick.
The scorpion stings you but does no damage. x2
You closely miss the scorpion.
You peck the scorpion, but do no damage.
The scorpion is severely wounded.
You feel sick. The scorpion stings you.
You die...

##... #########.
#......... #.........
#. #########.........
#..###.................
#........####.........
#####.##..###.........
#@###.......######
....(.s.# #######.####
######### #....# ####.#
#.## #..## ##..#
######.# #.......


You could see a scorpion.

Vanquished Creatures
  An orc priest (D:4)
  A hound (D:5)
  3 iguanas
  Natasha (twice) (D:2)
  3 orc wizards
  A gnoll (D:1)
  4 adders
  2 worms
  A dart slug (D:1)
  11 orcs
  11 ball pythons
  7 bats
  7 endoplasms
  6 giant cockroaches
  4 hobgoblins
  2 quokkas (D:4)
  5 frilled lizards
  7 goblins
  5 kobolds
  5 rats
88 creatures vanquished.

Vanquished Creatures (others)
  A wizard (D:4)
1 creature vanquished.

Grand Total: 89 creatures vanquished

Notes
Turn   | Place    | Note
-------+----------+-------------------------------------------
     0 | D:1      | qw the Tengu Warper began the quest for the Orb.
     0 | D:1      | Reached XP level 1. HP: 12/12 MP: 4/4
     0 | D:1      | 0 ||| qw: Version: 0.1-a-89-g26bdef1
     0 | D:1      | 0 ||| qw: Game counter: 958
     0 | D:1      | 0 ||| qw: Always use a shield: true
     0 | D:1      | 0 ||| qw: God list: Okawaru
     0 | D:1      | 0 ||| qw: Allow faded altars: false
     0 | D:1      | 0 ||| qw: Do Orc after D:15 true
     0 | D:1      | 0 ||| qw: Do second Lair branch before Depths: true
     0 | D:1      | 0 ||| qw: Lair rune preference: random
     0 | D:1      | 0 ||| qw: Plans: Normal
     0 | D:1      | 0 ||| PLANNING D:1-11
    61 | D:1      | Found a faded altar of an unknown god.
    97 | D:1      | 97 ||| Stepping ~*~*~tactically~*~*~ (stealth).
   119 | D:1      | 119 ||| Stepping ~*~*~tactically~*~*~ (stealth).
   121 | D:1      | Reached skill level 3 in Axes
   121 | D:1      | Reached XP level 2. HP: 17/17 MP: 6/6
   265 | D:1      | 265 ||| Stepping ~*~*~tactically~*~*~ (stealth).
   267 | D:1      | 267 ||| Stepping ~*~*~tactically~*~*~ (stealth).
   278 | D:1      | 278 ||| Stepping ~*~*~tactically~*~*~ (stealth).
   319 | D:1      | 319 ||| Stepping ~*~*~tactically~*~*~ (stealth).
   322 | D:1      | 322 ||| Stepping ~*~*~tactically~*~*~ (stealth).
   939 | D:1      | Reached XP level 3. HP: 12/21 MP: 7/7
   942 | D:1      | Reached skill level 4 in Axes
  1319 | D:1      | 1319 ||| UPGRADING to +4 ring mail.
  1329 | D:1      | 1329 ||| DROPPING +0 leather armour.
  1330 | D:1      | 1330 ||| DROPPING amulet of faith.
  1331 | D:1      | 1331 ||| READING scroll labelled PEEQUELIUM.
  1332 | D:1      | 1332 ||| READING scroll labelled HIZEEC CIHI.
  1333 | D:1      | 1333 ||| DROPPING scroll of blinking.
  1618 | D:2      | Reached XP level 4. HP: 26/26 MP: 8/8
  1782 | D:2      | Noticed Natasha
  1783 | D:2      | 1783 ||| Stepping ~*~*~tactically~*~*~ (hiding).
  1790 | D:2      | Killed Natasha
  1791 | D:2      | Reached skill level 5 in Axes
  1852 | D:2      | Noticed Natasha
  1853 | D:2      | 1853 ||| Stepping ~*~*~tactically~*~*~ (stealth).
  1854 | D:2      | 1854 ||| Stepping ~*~*~tactically~*~*~ (stealth).
  1859 | D:2      | Killed Natasha
  1883 | D:2      | Gained mutation: Your magical nature lets you fly swiftly
                  | and evasively. [Tengu growth]
  1883 | D:2      | Reached XP level 5. HP: 30/30 MP: 9/9
  2031 | D:2      | Noticed Natasha
  2032 | D:2      | 2032 ||| Stepping ~*~*~tactically~*~*~ (stealth).
  2139 | D:2      | 2139 ||| Stepping ~*~*~tactically~*~*~ (stealth).
  2336 | D:2      | 2336 ||| DROPPING +0 club.
  2419 | D:2      | 2419 ||| UPGRADING to +0 cloak.
  2424 | D:2      | 2424 ||| UPGRADING to amulet of the acrobat.
  2429 | D:2      | 2429 ||| READING scroll labelled NELUAV VARO.
  2430 | D:2      | 2430 ||| READING 2 scrolls labelled VEHOYFA XESCH.
  2433 | D:2      | 2433 ||| READING scroll labelled PITETSA PEDYU.
  2434 | D:2      | 2434 ||| DRINKING 3 smoky green potions.
  2434 | D:2      | Gained mutation: Your magical capacity is low. (-10% MP)
                  | [potion of mutation]
  2434 | D:2      | Gained mutation: You occasionally lose the ability to read
                  | scrolls when taking damage. [potion of mutation]
  2434 | D:2      | Lost mutation: You occasionally lose the ability to read
                  | scrolls when taking damage. [potion of mutation]
  2435 | D:2      | 2435 ||| READING 2 scrolls of identify.
  2435 | D:2      | 2435 ||| IDENTIFYING dark potion
  2436 | D:2      | 2436 ||| READING scroll of teleportation.
  2546 | D:3      | 2546 ||| Stepping ~*~*~tactically~*~*~ (stealth).
  2617 | D:3      | Found a glowing silver altar of Zin.
  2645 | D:3      | 2645 ||| Stepping ~*~*~tactically~*~*~ (stealth).
  2646 | D:3      | 2646 ||| Stepping ~*~*~tactically~*~*~ (stealth).
  2672 | D:3      | 2672 ||| DROPPING +0 whip.
  2917 | D:3      | 2917 ||| Stepping ~*~*~tactically~*~*~ (stealth).
  2920 | D:3      | 2920 ||| Stepping ~*~*~tactically~*~*~ (stealth).
  2921 | D:3      | 2921 ||| Stepping ~*~*~tactically~*~*~ (hiding).
  2960 | D:3      | HP: 6/30 [orc wizard/puff of flame (4)]
  2961 | D:3      | 2961 ||| DRINKING potion of heal wounds.
  2963 | D:3      | Reached skill level 6 in Axes
  3038 | D:3      | 3038 ||| SWAPPING to +0 war axe.
  3041 | D:3      | 3041 ||| DROPPING +0 hand axe.
  3187 | D:3      | Found an opulent altar of Gozag.
  3220 | D:3      | 3220 ||| UPGRADING to ring of positive energy.
  3221 | D:3      | 3221 ||| READING scroll labelled SAKKUSHR SOHA.
  3256 | D:4      | Reached XP level 6. HP: 15/35 MP: 9/9
  3274 | D:4      | 3274 ||| FLEEEEING.
  3277 | D:4      | 3277 ||| STAIRDANCE
  3499 | D:4      | Reached skill level 7 in Axes
  3541 | D:4      | 3541 ||| Stepping ~*~*~tactically~*~*~ (stealth).
  3542 | D:4      | 3542 ||| Stepping ~*~*~tactically~*~*~ (stealth).
  3543 | D:4      | 3543 ||| Stepping ~*~*~tactically~*~*~ (stealth).
  3544 | D:4      | 3544 ||| Stepping ~*~*~tactically~*~*~ (stealth).
  3545 | D:4      | 3545 ||| Stepping ~*~*~tactically~*~*~ (stealth).
  3709 | D:4      | 3709 ||| Stepping ~*~*~tactically~*~*~ (hiding).
  3972 | D:4      | Found a bloodstained altar of Trog.
  3976 | D:4      | Noticed a wizard
  3982 | D:4      | Killed a wizard
  4274 | D:4      | 4274 ||| UPGRADING to +0 chain mail.
  4284 | D:4      | 4284 ||| DROPPING +4 ring mail.
  4285 | D:4      | 4285 ||| DROPPING +6 ring of intelligence.
  4286 | D:4      | 4286 ||| READING scroll labelled GIOLON HEBLILUPN.
  4287 | D:4      | 4287 ||| DRINKING 2 metallic green potions.
  4288 | D:4      | 4288 ||| READING 2 scrolls of identify.
  4288 | D:4      | 4288 ||| IDENTIFYING green potion
  4289 | D:4      | 4289 ||| DROPPING potion of invisibility.
  4351 | D:5      | Entered Level 5 of the Dungeon
  4567 | D:5      | Reached skill level 3 in Fighting
  4599 | D:5      | Found an ornate altar of the Wu Jian Council.
  4672 | D:5      | HP: 8/37 [scorpion (3)]
  4673 | D:5      | 4673 ||| READING scroll of teleportation.
  4675 | D:5      | HP: 3/37 [poisoned by a scorpion]
  4675 | D:5      | Slain by a scorpion

Levels and vault maps discovered:
D:1:      saegor_arrival_simple_c, layout_basic,
          chequers_ecumenical_altar_island
D:2:      layout_loops_ring, grunt_ministairs_5, uniq_natasha
D:3:      layout_loops_cross, pdpol_temple_overflow_zin_treasury_gozag_greed
D:4:      layout_cave_pools, trog_wizard, minivault_5
D:5:      layout_basic, mainiacjoe_overflow_surrounded_room, xom_teletrap_fun,
          grunt_ministairs_12

Skill      XL: |  1  2  3  4  5  6 |
---------------+-------------------+-----
Axes           | 3 4 5 6 7 |  7.1
Armour         | 2 |  2.0
Fighting       | 3 |  3.0
Throwing       | |  1.0
Dodging        | |  2.1
Spellcasting   | |  2.0
Translocations | |  2.4

Action                   |  1- 3 |  4- 6 || total
-------------------------+-------+-------++-------
Melee: Hand axe          |    68 |    70 ||   138
       Kick              |    16 |    34 ||    50
       Peck              |     5 |    29 ||    34
       War axe           |       |    77 ||    77
       Punch             |       |     1 ||     1
Throw: Boomerang         |     7 |    15 ||    22
       Javelin           |       |    25 ||    25
  Use: Scroll            |     2 |     9 ||    11
       Potion            |       |     3 ||     3
 Stab: Distracted        |       |     1 ||     1
Armor: Leather armour    |    16 |       ||    16
       Ring mail         |     9 |    49 ||    58
       Chain mail        |       |     6 ||     6
Dodge: Dodged            |    49 |    83 ||   132

Table legend:
 A = Non-vault XP
 B = Vault XP
 C = Vault XP percentage of total XP
 D = Non-vault monster count
 E = Vault monster count
 F = Vault count percentage of total count
                 A         B        C        D         E       F
            +---------+---------+-------+---------+---------+-------
      Total |     532 |      39 |   6.8 |      85 |       3 |   3.4
            +---------+---------+-------+---------+---------+-------
        D:1 |      47 |       0 |   0.0 |      22 |       0 |   0.0
        D:2 |      91 |      39 |  30.0 |      20 |       3 |  13.0
        D:3 |      70 |       0 |   0.0 |      12 |       0 |   0.0
        D:4 |     231 |       0 |   0.0 |      27 |       0 |   0.0
        D:5 |      93 |       0 |   0.0 |       4 |       0 |   0.0
            +---------+---------+-------+---------+---------+-------
